Match 41148332
Unlisted

Match 41148332
End
Construct Barracks
Riflemen Squad
Riflemen Squad
Grenade Package
Selects Special Operations Battlegroup
Selects M29 Weasel with M1 Pack Howitzer
M29 Weasel with M1 Pack Howitzer
Infantry Support Center
Riflemen Squad
M1918 Browning Automatic Rifles
Engineer Squad
Construct Tank Depot
Selects P-47 Anti-Infantry Loiter
P-47 Anti-Infantry Loiter
M18 Hellcat Tank Destroyer
M29 Weasel with M1 Pack Howitzer
Selects UNKNOWN (2162291)
Selects Smoke Screen
Selects SSF Commando Squad
P-47 Anti-Infantry Loiter
Smoke Screen
M4A1 Sherman Whizbang
M4A1 Sherman Whizbang
Smoke Screen
M18 Hellcat Tank Destroyer
Riflemen Squad
P-47 Anti-Infantry Loiter
M18 Hellcat Tank Destroyer
Riflemen Squad
Smoke Screen
Engineer Squad
Smoke Screen
M4A1 Sherman Whizbang
Riflemen Squad
Smoke Screen
[EPIC]SAGEKING
감귤
Zannen
yapster
HIMYNAMEISHO
waynoss88
0
0

Comments sign in to comment!

No comments posted yet!